Map: New Repugnancy LE

Players

llllllllllll (Stats) - Winner!

  • Race: Protoss Protoss
  • League: Master
  • Spawn Location: 7:00

llllllllllll (herO)

  • Race: Protoss Protoss
  • League: Master
  • Spawn Location: 1:00

Event: 2019 Assembly Summer

VOD

Have the link to the VOD?

Description

Time

  • Played on: Aug. 3, 2019, 7:52 a.m.
  • Length: 11:39

All games in this series

Show
View Real Time Build Order
Export as new Build Order

llllllllllll Protoss - Winner!

Build Orders:  

Get SALT Encoding   

  12  0:00  Probe  
  13  0:12  Probe  
  14  0:17  Pylon  
  14  0:24  Probe  
  15  0:32  Probe  
  15  0:37  Gateway  
  15  0:40  Probe  
  16  0:46  Assimilator  
  17  0:51  Probe  
  17  0:55  Assimilator  
  18  1:00  Probe  
  19  1:08  Gateway, Probe  
  19  1:17  Probe  
  21  1:26  Cybernetics Core  
  21  1:29  Probe  
  22  1:35  Pylon  
  22  1:41  Probe  
  23  1:54  Probe  
  24  2:02  Stalker  
  24  2:03  Warp Gate, Stalker  
  24  2:07  Pylon  
  28  2:33  Stalker x2  
  32  2:38  Robotics Facility  
  32  2:42  Gateway  
  32  3:07  Stalker x2  
  32  3:11  Shield Battery  
  36  3:18  Warp Prism  
  32  3:30  Pylon  
  34  3:51  Nexus  
  34  3:56  Probe  
  34  3:57  Observer  
  36  4:08  Probe  
  37  4:14  Sentry  
  37  4:15  Sentry x2  
  43  4:19  Pylon  
  43  4:20  Probe  
  44  4:29  Immortal  
  44  4:37  Probe  
  49  4:49  Probe  
  49  4:50  Pylon  
  49  4:51  Phoenix  
  50  5:01  Probe  
  50  5:04  Shield Battery  
  52  5:11  Immortal, Twilight Council  
  51  5:24  Probe  
  51  5:26  Probe  
  57  5:36  Probe  
  57  5:38  Probe, Resonating Glaives  
  59  5:45  Gateway  
  59  5:46  Gateway  
  59  5:56  Shield Battery  
  59  6:08  Probe x2  
  65  6:17  Pylon  
  65  6:22  Adept  
  65  6:23  Adept  
  65  6:24  Immortal  
  69  6:35  Pylon x2  
  69  6:43  Probe  
  69  6:45  Forge  
  70  6:51  Assimilator  
  70  6:52  Assimilator  
  70  6:53  Probe  
  71  6:55  Probe  
  72  7:03  Immortal  
  72  7:04  Adept x2  
  72  7:05  Adept  
  82  7:10  Adept  
  82  7:12  Adept  
  86  7:16  Pylon  
  86  7:18  Pylon  
  86  7:27  Pylon  
  86  7:34  Pylon  
  86  7:37  Adept x3  
  79  7:59  Adept x3  
  79  8:02  Observer  
  81  8:06  Probe x2  
  81  8:10  Assimilator  
  81  8:13  Protoss Ground Weapons Level 1, Assimilator  
  81  8:18  Probe  
  81  8:19  Probe  
  81  8:21  Immortal  
  81  8:22  Pylon  
  81  8:25  Pylon  
  85  8:32  Adept x2  
  85  8:33  Adept  
  91  8:37  Pylon  
  91  8:48  Adept x2  
  91  8:55  Adept x2  
  97  8:57  Adept  
  95  9:07  Templar Archives  
  95  9:08  Gateway  
  95  9:19  Charge  
  95  9:25  Adept x3  
  101  9:37  Nexus  
  101  9:52  Stargate  
  100  9:53  Stargate  
  100  9:55  Immortal  
  100  10:01  Observer  
  104  10:34  Immortal  
  104  10:35  Phoenix  
  108  10:36  Pylon  
  108  10:37  Pylon  
  110  10:43  Phoenix  
  112  10:51  Phoenix  
  112  10:52  Pylon  
  112  10:55  Pylon  
  112  11:04  Phoenix  
  106  11:11  Adept x4  
  116  11:29  Adept  
  116  11:30  Adept  
Show
View Real Time Build Order
Export as new Build Order

llllllllllll Protoss 

Build Orders: Phoenix Opening 

Get SALT Encoding   

  12  0:00  Probe  
  13  0:12  Probe  
  14  0:17  Pylon  
  14  0:23  Probe  
  15  0:32  Probe  
  15  0:36  Gateway  
  15  0:40  Probe  
  16  0:46  Assimilator  
  17  0:51  Probe  
  17  0:54  Assimilator  
  18  0:59  Probe  
  19  1:07  Probe  
  19  1:08  Gateway  
  19  1:17  Probe  
  20  1:24  Cybernetics Core  
  21  1:29  Probe  
  22  1:34  Pylon  
  22  1:41  Probe  
  22  1:45  Warp Gate  
  24  2:00  Stalker x2  
  27  2:30  Stalker x2  
  31  2:38  Nexus  
  31  2:45  Pylon  
  31  2:54  Shield Battery  
  31  3:03  Sentry x2  
  35  3:10  Probe, Robotics Facility  
  35  3:23  Probe  
  34  3:35  Pylon  
  34  3:38  Sentry, Stalker  
  39  3:43  Phoenix  
  39  3:48  Immortal, Shield Battery x2  
  42  4:15  Stalker x2  
  46  4:18  Warp Prism  
  46  4:27  Phoenix  
  48  4:40  Pylon  
  48  4:41  Probe  
  48  4:42  Probe  
  50  4:54  Probe x2  
  50  4:57  Immortal  
  52  5:11  Probe  
  52  5:13  Probe  
  54  5:23  Probe  
  54  5:25  Probe  
  56  5:35  Gateway  
  56  5:36  Observer  
  56  5:37  Probe x2  
  59  5:49  Probe  
  59  5:52  Probe, Twilight Council  
  59  5:53  Gateway  
  61  5:58  Probe  
  62  6:07  Pylon  
  62  6:08  Resonating Glaives  
  62  6:23  Gateway  
  62  6:24  Gateway  
  64  6:25  Probe x2  
  64  6:29  Sentry x2  
  68  6:37  Probe  
  70  6:43  Pylon  
  70  6:44  Pylon  
  69  6:57  Immortal  
  73  7:02  Sentry, Adept x3  
  76  7:15  Pylon  
  76  7:40  Adept  
  76  7:41  Adept x4  
  62  8:03  Adept x6  
  42  8:28  Adept x5  
  42  8:30  Sentry  
  54  8:45  Observer  
  34  9:03  Robotics Bay  
  34  9:09  Probe x2  
  36  9:11  Adept x2  
  40  9:21  Probe  
  40  9:22  Probe  
  42  9:28  Stalker x2  
  46  9:35  Probe x2  
  48  9:42  Assimilator  
  48  9:43  Disruptor  
  48  9:50  Pylon  
  48  10:09  Disruptor, Probe  
  48  10:10  Probe  
  52  10:39  Adept x4  
  52  10:40  Adept  
  62  11:10  Adept x6  
Tags
 
Add a new tag
Caveats
  • Supply blocks, unpowered buildings, or Contaminate may cause inaccurate times.
  • Supply counts are checked every 10 seconds.